 Dungeon Crawl Stone Soup version 0.28.0 (webtiles) character file.

Game seed: 9381875301790316489

31091 GrayStillPlays the Transmogrifier (level 13, -5/70 HPs)
             Began as a Vine Stalker Fighter on Feb 7, 2022.
             Was a Priest of the Shining One.
             Succumbed to a black mamba's poison
             ... on level 3 of the Lair of Beasts.
             The game lasted 00:57:31 (14902 turns).

GrayStillPlays the Transmogrifier (VSFi)           Turns: 14902, Time: 00:57:32

Health: -5/70      AC: 20    Str: 21    XL:     13   Next: 55%
Magic:  12/35      EV:  6    Int: 10    God:    the Shining One [***...]
Gold:   837        SH:  5    Dex: 15    Spells: 20/29 levels left

rFire   . . .      SeeInvis .   A - +5 dagger (venom) {short}
rCold   . . .      Faith    .   c - +0 buckler
rNeg    + . .      Spirit   +   E - +1 plate armour
rPois   .          Reflect  .   p - +2 helmet
rElec   .          Harm     .   (no cloak)
rCorr   .          Rampage  .   (no gloves)
Will    +....                   N - +2 pair of boots
Stlth   ..........              S - amulet of regeneration {@e2}
HPRegen 1.81/turn               l - ring of wizardry
MPRegen 0.24/turn               s - ring of magical power

@: lethally poisoned (-5 -> -20), glowing
A: fangs 3, regeneration 1, magic shield, antimagic bite, no potion heal 2
a: Renounce Religion, Divine Shield, Cleansing Flame


You were on level 3 of the Lair of Beasts.
You worshipped the Shining One.
The Shining One was most pleased with you.
You visited 3 branches of the dungeon, and saw 16 of its levels.
You also visited: Ossuary.

You collected 837 gold pieces.


Innate Abilities, Weirdness & Mutations

You have razor-sharp teeth.
Your natural rate of healing is unusually fast.
When hurt, damage is shared between your health and your magic reserves.
Your bite disrupts and absorbs the magic of your enemies.
Potions cannot restore your health.


   Skills:
 - Level 9.5 Fighting
 - Level 3.5 Axes
 - Level 6.5 Armour
 - Level 5.3 Shields
 - Level 8.5 Spellcasting
 * Level 11.0 Transmutations
 * Level 11.0 Air Magic
 - Level 5.4 Invocations


You had 20 spell levels left.
You knew the following spells:

 Your Spells              Type           Power      Damage    Failure   Level
a - Ensorcelled Hibernat  Hex/Ice        8%         N/A       91%         2
b - Storm Form            Tmut/Air       13%        N/A       100%        7

Your spell library contained the following spells:

 Spells                   Type           Power      Damage    Failure   Level
 Swiftness                Air            26%        N/A       5%          3
 Passwall                 Tmut/Erth      12%        N/A       26%         2
 Ignite Poison            Fire/Tmut/Pois 11%        N/A       69%         3
 Mephitic Cloud           Conj/Pois/Air  11%        N/A       69%         3
 Blink                    Tloc           8%         N/A       91%         2
 Ozocubu's Armour         Ice            4%         N/A       99%         3
 Summon Ice Beast         Ice/Summ       4%         N/A       100%        4
 Fireball                 Conj/Fire      2%         3d4       100%        5
 Freezing Cloud           Conj/Ice/Air   5%         6-21      100%        5
 Manifold Assault         Tloc           4%         N/A       100%        5
 Summon Mana Viper        Hex/Summ       4%         N/A       100%        5
 Starburst                Conj/Fire      2%         6d3       100%        6
 Monstrous Menagerie      Summ           2%         N/A       100%        7
 Ozocubu's Refrigeration  Ice            2%         4d5       100%        7
 Ignition                 Fire           2%         3d3       100%        8

Inventory:

Hand Weapons
 A - a +5 dagger of venom (weapon) {short}
   (You took it off Dowan on level 4 of the Dungeon)
Missiles
 b - 2 throwing nets {=f!fthrowing}
 e - 429 stones {throwing}
 L - 7 poisoned darts (quivered) {throwing}
 M - 3 silver javelins {throwing}
Armour
 c - a +0 buckler (worn)
 p - a +2 helmet (worn)
   (You found it on level 2 of the Dungeon)
 E - a +1 plate armour (worn)
   (You found it on level 4 of the Dungeon)
 N - a +2 pair of boots (worn)
   (You found it on level 9 of the Dungeon)
 W - a +2 leather armour of cold resistance
   (You found it on level 2 of the Lair of Beasts)
Jewellery
 h - a ring of ice
   (You found it on level 2 of the Lair of Beasts)
 l - a ring of wizardry (left hand)
   (You found it on level 3 of the Lair of Beasts)
 s - a ring of magical power (right hand)
   (You found it on level 2 of the Dungeon)
 t - an amulet of magic regeneration {@e2}
   (You found it on level 3 of the Lair of Beasts)
 G - a ring of wizardry
   (You found it on level 8 of the Dungeon)
 H - a ring of fire
   (You found it on level 8 of the Dungeon)
 S - an amulet of regeneration (around neck) {@e2}
   (You found it on level 11 of the Dungeon)
Wands
 m - a wand of mindburst (5)
   (You found it on level 2 of the Dungeon)
 v - a wand of paralysis (4)
   (You found it on level 7 of the Dungeon)
 x - a wand of acid (8)
   (You found it on level 3 of the Dungeon)
 P - a wand of flame (5)
   (You took it off an orc warrior on level 9 of the Dungeon)
 Q - a wand of polymorph (6)
   (You took it off Psyche on level 10 of the Dungeon)
 T - a wand of digging (2)
   (You found it on level 11 of the Dungeon)
 U - a wand of iceblast (10)
   (You found it on level 11 of the Dungeon)
Scrolls
 i - 3 scrolls of magic mapping {!r}
 j - 8 scrolls of teleportation {@r4}
 q - 7 scrolls of fear
 u - 2 scrolls of brand weapon
 w - a scroll of vulnerability {!r!r}
 y - a scroll of fog {unknown}
 z - 3 scrolls of immolation {!r!r}
 I - 3 scrolls of blinking {!r}
 J - 2 scrolls of enchant weapon
 O - a scroll of amnesia {unknown}
 X - 2 scrolls of identify {@r1}
Potions
 a - a potion of attraction {unknown}
 d - 2 potions of might
 f - 3 potions of curing {@q1}
 g - a potion of degeneration {!q@e2}
 k - 4 potions of heal wounds {@q2}
 n - 3 potions of brilliance
 o - a potion of flight
 r - a potion of cancellation {unknown}
 B - 3 potions of ambrosia
 C - a potion of magic {unknown}
 F - a potion of mutation {!q}
 K - 2 potions of lignification {!q}
 V - a potion of resistance {unknown}

Dungeon Overview and Level Annotations

Branches:
Dungeon (11/15)            Temple (1/1) D:7            Lair (4/6) D:11
 Shoals (0/4) Lair:3        Snake (0/4) Lair:2          Orc (0/2) D:11
Ossuary (visited)

Altars:
Ashenzari
Cheibriados
Dithmenos
Elyvilon
Fedhas
Gozag
Hepliaklqana
Kikubaaqudgha
Makhleb
Nemelex Xobeh
Okawaru
Qazlal
Ru
Sif Muna
Trog
Uskayaw
Vehumet
Wu Jian
Xom
Yredelemnul
Zin
The Shining One

Shops:
D:9 [

Annotations:
D:4 2 runed translucent doors, GrayStillPlays's ghost, novice MfTm
D:10 6 transporters, exclusion: statue
Lair:1 3 runed translucent doors, Vew Pil's ghost, journeyman DrTm
Lair:3 1 runed translucent door

.............P# ##..# #####....#
.............####...# #..##...P#
............## #....###.......##
...........## ##...P###......#
.≈≈.......## ##....###.......###
≈≈#≈.......# #.....# #........P#
≈##≈......#####....####..........
.#≈.....### #......##............
.≈...P.## #..Y@S.##...##.......
≈#...### ####...........###......
≈##≈.## #.#.....#......########.
.#≈...####........##.##†.#### ##
..≈..........##.########....##
..#......P####### ####....###
........### ### #...#P..#.##
........# ###P#### ##.......>.P#
........# ##...##.# #............


You could see a black mamba (very poisoned) and a yak.


Message History

You hit the black mamba.
The black mamba looks as sick as possible!
Your bite misses the black mamba.
You feel sick.
You hear a bellow!
The black mamba bites you.
You block the black mamba's attack. 😮 MP[-1]
You lost 1 mp, and now have 31/35 mp.
You hit the black mamba but do no damage.
The black mamba looks as sick as possible!
You feel sick. The black mamba bites you.
You are more poisoned.
The black mamba poisons you!
The yak gores something!
A yak comes into view.
The black mamba bites you but does no damage. 😮 HP[-2] MP[-1]
You take 2 damage, and now have 47/70 hp.
You lost 1 mp, and now have 30/35 mp.
You barely miss the black mamba. Your bite misses the black mamba.
You feel very sick.
The yak gores something!
The black mamba bites you but does no damage. 😮 HP[-3]
You take 3 damage, and now have 44/70 hp.
You hit the black mamba. Your bite misses the black mamba.
You feel very sick. The black mamba bites you.
You are more poisoned.
The black mamba poisons you!
The yak gores something.
The black mamba bites you!
* * * LOW HITPOINT WARNING * * *
You are lethally poisoned!
The black mamba poisons you! 😨 HP[-12] MP[-5]
You take 12 damage, and now have 32/70 hp.
You lost 5 mp, and now have 25/35 mp.
You barely miss the black mamba. Your bite misses the black mamba.
* * * LOW HITPOINT WARNING * * *
You feel extremely sick.
The black mamba bites you but does no damage.
The yak gores something!
The black mamba bites you but does no damage. 😨 HP[-10]
You take 10 damage, and now have 22/70 hp.
Your system rejects the healing.
You feel better.
The black mamba bites you but does no damage.
The black mamba bites you!
* * * LOW HITPOINT WARNING * * *
😨 HP[-4] MP[-5]
You take 4 damage, and now have 18/70 hp.
You lost 5 mp, and now have 20/35 mp.
The black mamba bites you but does no damage. 😨 HP[+1] 😨 HP[+2]
You regained 2 hp, and now have 21/70 hp.
You block the black mamba's attack. 😨 HP[+2]
You regained 2 hp, and now have 23/70 hp.
The black mamba bites you.
* * * LOW HITPOINT WARNING * * *
You are poisoned.
The black mamba poisons you! 😨 HP[+1] MP[-1]
You lost 1 mp, and now have 19/35 mp.
You feel very sick.
The black mamba bites you but does no damage. 😨 HP[-4]
You take 4 damage, and now have 20/70 hp.
You feel very sick. The black mamba bites you.
* * * LOW HITPOINT WARNING * * *
You are more poisoned.
The black mamba poisons you!
You see here a wolf corpse. 😱 HP[-4] MP[-2]
You take 4 damage, and now have 16/70 hp.
You lost 2 mp, and now have 17/35 mp.
A komodo dragon comes into view.
* * * LOW HITPOINT WARNING * * *
You feel extremely sick.
The black mamba barely misses you. 😱 HP[-5]
You take 5 damage, and now have 11/70 hp.
* * * LOW HITPOINT WARNING * * *
You feel very sick. 😱 HP[-3] MP[+1]
You take 3 damage, and now have 8/70 hp.
You feel very sick.
The black mamba bites you but does no damage.
There is a stone staircase leading up here. 😱 HP[-2]
You take 2 damage, and now have 6/70 hp.
You feel very sick. The black mamba bites you!
* * * LOW HITPOINT WARNING * * *
You are lethally poisoned!
The black mamba poisons you!
The black mamba bites you but does no damage.
You climb upwards.
Level annotation: 1 runed translucent door You die...

Skill      XL: |  1  2  3  4  5  6  7  8  9 10 11 12 13 |
---------------+----------------------------------------+-----
Axes           | 2 3 |  3.5
Shields        | 3 4 5 |  5.3
Fighting       | 3 4 5 6 7 9 |  9.5
Armour         | 3 4 5 6 |  6.5
Spellcasting   | 1 2 3 5 6 7 8 |  8.5
Transmutations | 2 4 8 10 11 | 11.0
Air Magic      | 2 4 8 10 11 | 11.0
Invocations    | 4 5 |  5.4

Action                   |  1- 3 |  4- 6 |  7- 9 | 10-12 | 13-15 || total
-------------------------+-------+-------+-------+-------+-------++-------
Melee: War axe           |    79 |   158 |    52 |    62 |       ||   351
       Bite              |    15 |    37 |    98 |   376 |   138 ||   664
       Dagger            |       |       |   234 |   632 |   223 ||  1089
Throw: Dart              |       |       |       |       |     4 ||     4
Invok: Divine Shield     |       |       |       |     3 |       ||     3
Evoke: Wand              |       |     3 |       |     5 |       ||     8
  Use: Scroll            |       |       |    16 |     5 |     2 ||    23
       Potion            |       |       |     3 |       |     1 ||     4
 Stab: Sleeping          |       |     4 |       |       |       ||     4
Armor: Scale mail        |    31 |       |       |       |       ||    31
       Robe              |       |    55 |    13 |       |       ||    68
       Plate armour      |       |       |   153 |   473 |   195 ||   821
Dodge: Dodged            |    39 |    84 |    80 |   212 |    82 ||   497
Block: Buckler           |    23 |    44 |    48 |   217 |    78 ||   410

Levels and vault maps discovered:
D:1:      dpeg_arrival_tiny_k, layout_loops_ring,
          chequers_ecumenical_altar_island
D:2:      layout_rooms, kennysheep_generic_room_11, uniq_jessica
D:3:      layout_rooms, kennysheep_big_empty_room, minmay_stone_trees_small,
          minmay_stone_trees_medium
D:4:      layout_cave_pods, mainiacjoe_overflow_divided_tiny,
          lightli_ossuary_entry_decrepit_ruins, ebering_ghost_sewer_f,
          uniq_duvessa
D:5:      layout_loops_cross
D:6:      layout_cave_pools, nicolae_figureground_sparkle
D:7:      layout_basic, minmay_temple_entry_fiery
D:8:      layout_gridville, gammafunk_temple_overflow_claw
D:9:      layout_basic, serial_shops, shop
D:10:     layout_rooms, vehumet_statue, serial_nicolae_subway,
          nicolae_sub_station_stone, nicolae_sub_station_metal,
          nicolae_sub_station_crystal, uniq_snorg, uniq_nergalle, uniq_psyche
D:11:     layout_roguey, minmay_lair_entry_grove, hiddenorc1_lemuel,
          gauntlet_entry_generic, chequers_serial_rivers_small_b, pond
Temple:   eino_temple_scatter_basement
Lair:1:   layout_gridlike, gammafunk_ghost_hydra_chop, beast_lair_carwin_1
Lair:2:   layout_gridlike, guppyfry_snake_entry_island, minivault_19,
          uniq_harold
Lair:3:   layout_cave_pods, elwin_shoals_entry_rocks, pf_torpor_hydra
Lair:4:   layout_roguey, ebering_ghost_funeral_grove

Notes
Turn   | Place    | Note
-------+----------+-------------------------------------------
     0 | D:1      | GrayStillPlays the Vine Stalker Fighter began the quest for
                  | the Orb.
     0 | D:1      | Reached XP level 1. HP: 11/11 MP: 2/2
     0 | D:1      | magus.rc [v1.9.6]
    75 | D:1      | Reached skill level 2 in Axes
    75 | D:1      | Reached XP level 2. HP: 16/16 MP: 3/3
   142 | D:1      | Found a faded altar of an unknown god.
   403 | D:1      | Reached skill level 3 in Shields
   533 | D:1      | Reached skill level 3 in Fighting
   533 | D:1      | Reached XP level 3. HP: 20/20 MP: 4/4
  1295 | D:2      | Identified a +2 robe of the Archmagi
  1295 | D:2      | Noticed Jessica
  1302 | D:2      | Killed Jessica
  1303 | D:2      | Gained mutation: Your natural rate of healing is unusually
                  | fast. [Vine Stalker growth]
  1303 | D:2      | Reached XP level 4. HP: 14/24 MP: 2/5
  1637 | D:2      | Reached skill level 3 in Armour
  1912 | D:2      | Reached XP level 5. HP: 15/28 MP: 6/6
  2582 | D:4      | Noticed Duvessa
  2582 | D:4      | Noticed Dowan
  2592 | D:4      | Killed Duvessa
  2593 | D:4      | Reached skill level 3 in Axes
  2593 | D:4      | Reached skill level 1 in Spellcasting
  2593 | D:4      | Reached XP level 6. HP: 29/33 MP: 9/9
  2593 | D:4      | Killed Dowan
  2608 | D:4      | Found a runed translucent door.
  2608 | D:4      | Noticed GrayStillPlays's ghost (novice MfTm)
  2655 | D:4      | Reached skill level 4 in Fighting
  2862 | D:4      | You add the spells Blink, Manifold Assault and Storm Form
                  | to your library.
  2884 | D:4      | Found a runed translucent door.
  3002 | D:4      | Reached skill level 2 in Spellcasting
  3030 | D:4      | Found a sand-covered staircase.
  3039 | Ossuary  | Entered an ossuary
  3186 | Ossuary  | Reached XP level 7. HP: 32/38 MP: 11/11
  3255 | Ossuary  | Reached skill level 4 in Shields
  3429 | D:4      | Found a bloodstained altar of Trog.
  3429 | D:4      | Found a snail-covered altar of Cheibriados.
  3434 | D:4      | You pick up a book of Fire and begin reading...
  3434 | D:4      | You add the spells Fireball, Starburst and Ignition to your
                  | library.
  3680 | D:4      | Reached skill level 3 in Spellcasting
  3867 | D:5      | Entered Level 5 of the Dungeon
  4046 | D:5      | Reached skill level 5 in Fighting
  4046 | D:5      | Gained mutation: You have razor-sharp teeth. [Vine Stalker
                  | growth]
  4046 | D:5      | Reached XP level 8. HP: 41/43 MP: 14/14
  4052 | D:5      | Reached skill level 4 in Armour
  4065 | D:5      | Reached skill level 4 in Spellcasting
  4661 | D:5      | HP: 10/44 [poisoned by a water moccasin]
  4666 | D:5      | HP: 3/44 [poisoned by a water moccasin]
  4668 | D:5      | HP: 1/44 [poisoned by a water moccasin]
  4822 | D:6      | Reached skill level 5 in Spellcasting
  4838 | D:6      | Reached skill level 6 in Fighting
  5027 | D:6      | Reached skill level 5 in Shields
  5027 | D:6      | Reached XP level 9. HP: 48/48 MP: 18/18
  5535 | D:7      | HP: 12/49 [poisoned by a water moccasin]
  5599 | D:7      | Reached skill level 6 in Spellcasting
  5613 | D:7      | You pick up a book of Burglary and begin reading...
  5613 | D:7      | You add the spells Passwall, Ensorcelled Hibernation and
                  | Swiftness to your library.
  5617 | D:7      | Learned a level 2 spell: Ensorcelled Hibernation
  5625 | D:7      | Learned a level 7 spell: Storm Form
  5950 | D:7      | Found a staircase to the Ecumenical Temple.
  5959 | Temple   | Entered the Ecumenical Temple
  6099 | Temple   | Became a worshipper of the Shining One
  6308 | D:7      | Reached skill level 5 in Armour
  6437 | D:8      | Reached skill level 7 in Fighting
  6437 | D:8      | Reached skill level 1 in Transmutations
  6437 | D:8      | Reached skill level 1 in Air Magic
  6944 | D:8      | Found an opulent altar of Gozag.
  6944 | D:8      | Found a burning altar of Makhleb.
  6945 | D:8      | Found a hazy altar of Hepliaklqana.
  6983 | D:8      | You pick up a book of Beasts and begin reading...
  6983 | D:8      | You add the spells Summon Ice Beast, Summon Mana Viper and
                  | Monstrous Menagerie to your library.
  7189 | D:8      | Noticed a hornet
  7196 | D:8      | HP: 12/50 [poisoned by a hornet]
  7201 | D:8      | HP: 9/50 [poisoned by a hornet]
  7398 | D:9      | Noticed a two-headed ogre
  7423 | D:9      | Killed a two-headed ogre
  7424 | D:9      | Reached skill level 2 in Transmutations
  7424 | D:9      | Reached skill level 2 in Air Magic
  7424 | D:9      | Reached XP level 10. HP: 56/56 MP: 20/20
  7518 | D:9      | Reached skill level 8 in Fighting
  7524 | D:9      | Reached skill level 3 in Transmutations
  7524 | D:9      | Reached skill level 3 in Air Magic
  7579 | D:9      | Reached skill level 6 in Armour
  7591 | D:9      | Reached * piety under the Shining One
  7606 | D:9      | Found Purph's Antique Armour Emporium.
  7688 | D:9      | Reached skill level 4 in Transmutations
  7688 | D:9      | Reached skill level 4 in Air Magic
  7706 | D:9      | HP: 8/57 [large slime creature (15)]
  7771 | D:9      | Reached skill level 9 in Fighting
  8216 | D:10     | Entered Level 10 of the Dungeon
  8216 | D:10     | Noticed Snorg
  8220 | D:10     | Noticed Nergalle
  8227 | D:10     | Killed Snorg
  8242 | D:9      | Killed Nergalle
  8243 | D:9      | Reached XP level 11. HP: 62/62 MP: 21/21
  8309 | D:10     | Noticed a two-headed ogre
  8391 | D:9      | Killed a two-headed ogre
  8392 | D:9      | Reached skill level 5 in Transmutations
  8392 | D:9      | Reached skill level 5 in Air Magic
  8467 | D:10     | You add the spells Ignite Poison, Mephitic Cloud and
                  | Freezing Cloud to your library.
  8544 | D:10     | Found a transporter.
  8546 | D:10     | Found a transporter.
  8572 | D:10     | Noticed Psyche
  8578 | D:10     | Killed Psyche
  8579 | D:10     | Reached skill level 6 in Transmutations
  8579 | D:10     | Reached skill level 6 in Air Magic
  8696 | D:10     | Reached ** piety under the Shining One
  8753 | D:10     | Found a transporter.
  8758 | D:10     | Noticed a two-headed ogre
  8790 | D:10     | Killed a two-headed ogre
  8847 | D:10     | Found a transporter.
  8852 | D:10     | Found a transporter.
  8860 | D:10     | Found a transporter.
  8891 | D:10     | Found a radiant altar of Vehumet.
  9278 | D:11     | Found a staircase to the Lair.
  9365 | D:11     | Reached skill level 7 in Transmutations
  9397 | D:11     | Reached skill level 7 in Air Magic
  9450 | D:11     | Found a staircase to the Orcish Mines.
  9758 | D:11     | Reached skill level 8 in Transmutations
  9758 | D:11     | Reached skill level 8 in Air Magic
 10240 | Lair:1   | Entered Level 1 of the Lair of Beasts
 10257 | D:11     | Reached XP level 12. HP: 54/67 MP: 21/22
 10333 | Lair:1   | Noticed a six-headed hydra
 10361 | Lair:1   | Killed a six-headed hydra
 10611 | Lair:1   | Found a runed translucent gate.
 10615 | Lair:1   | Found a runed translucent gate.
 10616 | Lair:1   | Found a runed translucent gate.
 10617 | Lair:1   | Noticed a 12-headed hydra
 10617 | Lair:1   | Noticed Vew Pil's ghost (journeyman DrTm)
 10656 | Lair:1   | Reached skill level 9 in Transmutations
 10676 | Lair:1   | Reached skill level 9 in Air Magic
 10676 | Lair:1   | Reached skill level 1 in Invocations
 10754 | Lair:1   | Noticed a six-headed hydra
 10759 | Lair:1   | Noticed a seven-headed hydra
 10790 | Lair:1   | HP: 13/67 [six-headed hydra (8)]
 10790 | Lair:1   | HP: 5/67 [six-headed hydra (8)]
 10790 | Lair:1   | The Shining One protects you from harm!
 10910 | D:11     | Killed a six-headed hydra
 11028 | Lair:1   | Killed a seven-headed hydra
 11029 | Lair:1   | Reached skill level 2 in Invocations
 11846 | Lair:2   | You add the spells Ozocubu's Armour and Ozocubu's
                  | Refrigeration to your library.
 11887 | Lair:2   | Noticed a death yak
 11925 | Lair:2   | Killed a death yak
 11926 | Lair:2   | Reached skill level 3 in Invocations
 12077 | Lair:2   | Reached skill level 10 in Transmutations
 12077 | Lair:2   | Reached skill level 10 in Air Magic
 12088 | Lair:2   | Noticed Harold
 12088 | Lair:2   | Reached *** piety under the Shining One
 12337 | Lair:2   | Found a staircase to the Snake Pit.
 12731 | Lair:2   | Reached skill level 4 in Invocations
 12802 | Lair:1   | Reached skill level 7 in Spellcasting
 12822 | Lair:2   | Killed Harold
 12823 | Lair:2   | Reached XP level 13. HP: 70/70 MP: 25/25
 13331 | Lair:3   | Found a staircase to the Shoals.
 13387 | Lair:3   | Reached skill level 5 in Invocations
 13452 | Lair:3   | Reached skill level 8 in Spellcasting
 14288 | Lair:3   | Found a runed translucent door.
 14848 | Lair:3   | Reached skill level 11 in Transmutations
 14851 | Lair:3   | Reached skill level 11 in Air Magic
 14897 | Lair:4   | HP: 17/70 [poisoned by a black mamba]
 14899 | Lair:4   | HP: 8/70 [poisoned by a black mamba]
 14901 | Lair:4   | HP: 3/70 [black mamba (2)]
 14902 | Lair:3   | Succumbed to a black mamba's poison

Vanquished Creatures
  Snorg (D:10)
  Harold (Lair:2)
  4 hydras
  3 two-headed ogres
  6 death yaks
  Nergalle (D:9)
  3 black mambas
  3 cane toads
  2 torpor snails (Lair:2)
  2 rime drakes
  Psyche (D:10)
  6 komodo dragons
  A polar bear (Lair:3)
  8 blink frogs
  3 slime creatures (D:9)
  A shadow (D:11)
  5 wyverns
  2 wraiths
  3 basilisks
  36 yaks
  7 vampire mosquitoes
  A steam dragon (D:6)
  Duvessa (D:4)
  2 nagas
  14 water moccasins
  2 swamp drakes (D:11)
  An ice beast (D:8)
  A sky beast (D:6)
  A black bear (Lair:3)
  4 orc warriors
  2 necrophages (D:6)
  16 wolves
  2 centaurs (D:4)
  3 ogres
  An elf zombie (Ossuary)
  A kobold brigand (D:7)
  9 bullfrogs
  2 gnoll sergeants
  Dowan (D:4)
  A water moccasin skeleton (D:5)
  5 howler monkeys
  3 centaur zombies
  2 human zombies (Ossuary)
  A jelly (D:5)
  A bullfrog zombie (D:7)
  2 centaur skeletons (D:7)
  5 orc priests
  Jessica (D:2)
  An iguana (D:5)
  6 orc wizards
  A killer bee zombie (D:9)
  2 hound skeletons (D:5)
  2 howler monkey zombies
  2 mummies (Ossuary)
  6 gnolls
  4 adders
  A white imp (D:6)
  An ufetubus (D:7)
  2 adder zombies (Ossuary)
  An adder skeleton (D:4)
  A worm (D:4)
  4 dart slugs
  33 orcs
  7 ball pythons
  An endoplasm (D:3)
  4 giant cockroaches
  5 goblins
  8 hobgoblins
  4 jackals (D:4)
  3 quokkas
  5 bats
  5 frilled lizards
  3 goblin zombies (Ossuary)
  14 hobgoblin zombies (Ossuary)
  14 kobolds
  7 kobold zombies (Ossuary)
  5 orc zombies (Ossuary)
  7 rats
  3 rat zombies (Ossuary)
346 creatures vanquished.

Vanquished Creatures (others)
  A swamp drake (D:11)
  10 fungi
  45 plants
56 creatures vanquished.

Grand Total: 402 creatures vanquished

Table legend:
 A = Non-vault XP
 B = Vault XP
 C = Vault XP percentage of total XP
 D = Non-vault monster count
 E = Vault monster count
 F = Vault count percentage of total count
                 A         B        C        D         E       F
            +---------+---------+-------+---------+---------+-------
      Total |   36023 |    8394 |  18.9 |     252 |      94 |  27.2
            +---------+---------+-------+---------+---------+-------
        D:1 |      43 |       0 |   0.0 |      27 |       0 |   0.0
        D:2 |      70 |      50 |  41.7 |      15 |       2 |  11.8
        D:3 |      56 |       0 |   0.0 |      19 |       0 |   0.0
        D:4 |     257 |     226 |  46.8 |      14 |       2 |  12.5
        D:5 |     853 |       0 |   0.0 |      15 |       0 |   0.0
        D:6 |     829 |       0 |   0.0 |       9 |       0 |   0.0
        D:7 |     771 |       0 |   0.0 |      17 |       0 |   0.0
        D:8 |     443 |       0 |   0.0 |       7 |       0 |   0.0
        D:9 |    5209 |     767 |  12.8 |      30 |       1 |   3.2
       D:10 |    1751 |    1272 |  42.1 |       9 |       2 |  18.2
       D:11 |    3056 |    3733 |  55.0 |      14 |      37 |  72.5
     Lair:1 |    6084 |    1042 |  14.6 |      21 |       9 |  30.0
     Lair:2 |    5528 |    1034 |  15.8 |      20 |       2 |   9.1
     Lair:3 |   10270 |       0 |   0.0 |      31 |       0 |   0.0
     Lair:4 |     803 |       0 |   0.0 |       4 |       0 |   0.0
    Ossuary |       0 |     270 | 100.0 |       0 |      39 | 100.0
            +---------+---------+-------+---------+---------+-------

Illustrated notes

Table legend:
 A = Kills in this place as a percentage of kills in entire the game.
 B = Kills by you in this place as a percentage of kills by you in the entire game.
 C = Kills by friends in this place as a percentage of kills by friends in the entire game.
 D = Other kills in this place as a percentage of other kills in the entire game.
 E = Experience gained in this place as a percentage of experience gained in the entire game.
 F = Experience gained in this place divided by the number of levels of this place that you have seen.
                   A       B       C       D       E      F
               +-------+-------+-------+-------+-------+----------------------
         Total | 100.0 | 100.0 |   N/A |   N/A | 100.0 | 2612.8
       Dungeon |  63.6 |  63.6 |   N/A |   N/A |  43.6 | 1762.4
          Lair |  25.1 |  25.1 |   N/A |   N/A |  55.7 | 6190.2
       Ossuary |  11.3 |  11.3 |   N/A |   N/A |   0.6 | 270.0
               +-------+-------+-------+-------+-------+----------------------

Table legend: (Time is in decaauts)
 A = Elapsed time spent in this place.
 B = Non-inter-level travel time spent in this place.
 C = Inter-level travel time spent in this place.
 D = Time resting spent in this place.
 E = Time spent auto-exploring this place.
 F = Levels seen in this place.
 G = Mean time per level.
                   A        B        C        D        E       F      G
               +--------+--------+--------+--------+--------+-----+--------+
         Total |  15145 |  14274 |    871 |   1060 |   8307 |  17 |  890.9 |
       Dungeon |   9994 |   9331 |    663 |    714 |   5701 |  11 |  908.5 |
        Temple |    246 |    191 |     55 |      0 |    175 |   1 |  246.0 |
          Lair |   4549 |   4396 |    153 |    346 |   2431 |   4 | 1137.2 |
       Ossuary |    354 |    354 |      0 |      0 |      0 |   1 |  354.0 |
               +--------+--------+--------+--------+--------+-----+--------+

Top non-repeatable levels by time:
  Lair:3: 1636 daAuts
  Lair:1: 1583 daAuts
    D:11: 1379 daAuts
  Lair:2: 1258 daAuts
     D:9: 1104 daAuts
     D:2: 1054 daAuts
     D:4: 1004 daAuts
     D:8: 966 daAuts
     D:1: 884 daAuts
     D:5: 868 daAuts
     D:7: 692 daAuts
     D:3: 688 daAuts
     D:6: 681 daAuts
    D:10: 669 daAuts
 Ossuary: 354 daAuts
